Match 47277838
Unlisted

Match 47277838
End
Kettenkrad Recon Vehicle
Construct Infanterie Kompanie
Selects Breakthrough Battlegroup
Selects Assault Grenadiers
MG 42 Machine Gun Team
Grenadier Squad
MG 42 Machine Gun Team
Construct Luftwaffe Kompanie
221 Scout Car
Flak 30 Anti-aircraft Gun Team
Selects Rapid Production
Medical Bunker
Support Elements
Wirbelwind Flakpanzer
Construct Panzergrenadier Kompanie
Selects Blitzkrieg
Gnasher
Cr4ck
Wisemen
vincent
鼠尾草
MR.BABAYAGA
Mr Smiles123
s9405167
0
0

Comments sign in to comment!

No comments posted yet!